 Dungeon Crawl Stone Soup version 0.28-a0-1235-g7c8fac35f0 (webtiles) character file.

Game seed: 18240552377517953164

7 spiderkeys the Skirmisher (level 2, 0/16 HPs)
             Began as a Vine Stalker Abyssal Knight on Dec 25, 2021.
             Was a Follower of Lugonu.
             Slain by a white imp (1 damage)
             ... on level 1 of the Abyss.
             The game lasted 00:00:39 (217 turns).

spiderkeys the Skirmisher (VSAK)                     Turns: 217, Time: 00:00:39

Health: 0/16       AC:  3    Str: 15    XL:     2   Next: 0%
Magic:  0/4        EV: 11    Int: 10    God:    Lugonu [*.....]
Gold:   0          SH:  0    Dex: 14    Spells: 1/1 levels left

rFire   . . .      SeeInvis .   a - +1 short sword
rCold   . . .      Faith    .   (no shield)
rNeg    . . .      Spirit   +   b - +0 leather armour
rPois   .          Reflect  .   (no helmet)
rElec   .          Harm     .   (no cloak)
rCorr   .          Rampage  .   (no gloves)
Will    .....                   (no boots)
Stlth   +.........              (no amulet)
HPRegen 0.05/turn               (no ring)
MPRegen 0.09/turn               (no ring)

@: no status effects
A: fangs 2, magic shield, antimagic bite, no potion heal 2
a: Renounce Religion, Depart the Abyss


You were on level 1 of the Abyss.
You worshipped Lugonu.
Lugonu was aware of your devotion.
You visited 0 branches of the dungeon, and saw 0 of its levels.
You visited the Abyss 1 time.


Innate Abilities, Weirdness & Mutations

You have extremely sharp teeth.
When hurt, damage is shared between your health and your magic reserves.
Your bite disrupts and absorbs the magic of your enemies.
Potions cannot restore your health.


   Skills:
 + Level 2.8 Fighting
 * Level 2.1 Short Blades
 + Level 1.7 Armour
 - Level 0.7 Dodging
 - Level 1.7 Invocations


You had one spell level left.
You didn't know any spells.
Your spell library was empty.

Inventory:

Hand Weapons
 a - a +1 short sword (weapon)
Armour
 b - a +0 leather armour (worn)

Dungeon Overview and Level Annotations

Branches:
Dungeon (0/15)

Altars:

# # #
5... ..
#.#...##
## .. #.
#. .###
....5##.
...# #.
#....#.##
# .#...#
# #
#.#.### #
. #
####5.# .
# #@.##
####


You could see a white imp.


Message History

🤖 Initializing magus.rc ... ✅ Successfully initialized magus.rc [v1.9.10] Welcome, spiderkeys the Vine Stalker Abyssal Knight.
They say the Orb of Zot lies within this dungeon, but they say a lot of things.
Lugonu says: Depart the Abyss and spread corruption, my servant! (use the ability menu to exit the Abyss) Press ? for a list of commands and other information.
Found a corrupted altar of Lugonu.
There is a corrupted altar of Lugonu here.
There is a corrupted altar of Lugonu here.
Found a gateway leading out of the Abyss.
A white imp emerges from the beyond.
Unknown command.
A white imp is nearby!
The white imp shouts!
You hit the white imp but do no damage. The white imp misses you.
You hit the white imp but do no damage. Your bite misses the white imp.
The white imp closely misses you.
You hit the white imp.
You bite the white imp, but do no damage.
The white imp hits you but does no damage.
You closely miss the white imp. The white imp gestures at you.
The puff of frost hits you!
Ouch! That really hurt!
* * * LOW HITPOINT WARNING * * *
😨 HP[-6] MP[-2]
You take 6 damage, and now have 5/11 hp.
MASSIVE DAMAGE!! (PAUSE)
You lost 2 mp, and now have 1/3 mp.
You closely miss the white imp. Your bite misses the white imp.
The white imp closely misses you.
You hit the white imp. You bite the white imp.
The white imp's magic leaks into the air.
You drain its magic.
You feel invigorated.
The white imp's magic is no longer disrupted.
The white imp gestures at you. The puff of frost hits you!
* * * LOW HITPOINT WARNING * * *
😱 HP[-4] MP[-1]
You take 4 damage, and now have 1/11 hp.
MASSIVE DAMAGE!! (PAUSE)
You lost 1 mp, and now have 0/3 mp.
You hit the white imp. You bite the white imp.
The white imp's magic leaks into the air.
You drain its magic.
You feel invigorated. The white imp gestures at you.
The puff of frost misses you. 😱 MP[+1]
You hit the white imp.
You kill the white imp!
Your Short Blades skill increases to level 2!
You have reached level 2! 😱 HP[+1]
You now have 16 max hp (+5).
A white imp comes into view. 😨 HP[+6] MP[+3]
You regained 6 hp, and now have 8/16 hp.
Your mp is fully restored (4).
A tentacled starspawn comes into view.
The white imp gestures at you. The puff of frost hits you.
* * * LOW HITPOINT WARNING * * *
😱 HP[-4] MP[-1]
You take 4 damage, and now have 4/16 hp.
MASSIVE DAMAGE!! (PAUSE)
You lost 1 mp, and now have 3/4 mp.
You start resting.
A white imp is nearby!
You closely miss the white imp. The white imp hits you.
* * * LOW HITPOINT WARNING * * *
The white imp freezes you.
* * * LOW HITPOINT WARNING * * *
😱 HP[-3] MP[-3]
You take 3 damage, and now have 1/16 hp.
You lost 3 mp, and now have 0/4 mp.
You hit the white imp but do no damage. The white imp hits you.
You die...

Skill      XL: |  1 |
---------------+----+-----
Short Blades   | 2 |  2.1
Fighting       | |  2.8
Armour         | |  1.7
Dodging        | |  0.7
Invocations    | |  1.7

Action                   || total
-------------------------++-------
Melee: Short sword       ||    10
       Bite              ||     3
Armor: Leather armour    ||     1
Dodge: Dodged            ||     4

Levels and vault maps discovered:
Abyss:1:  base: Temple, base:
Temple

Notes
Turn   | Place    | Note
-------+----------+-------------------------------------------
     0 | Abyss:1  | spiderkeys the Vine Stalker Abyssal Knight began the quest
                  | for the Orb.
     0 | Abyss:1  | Reached XP level 1. HP: 11/11 MP: 3/3
     0 | Abyss:1  | magus.rc [v1.9.10]
     7 | Abyss:1  | Found a corrupted altar of Lugonu.
    93 | Abyss:1  | HP: 1/11 [white imp/puff of frost (4)]
    96 | Abyss:1  | Reached skill level 2 in Short Blades
    96 | Abyss:1  | Reached XP level 2. HP: 2/16 MP: 1/4
   206 | Abyss:1  | Noticed a tentacled starspawn
   207 | Abyss:1  | HP: 4/16 [white imp/puff of frost (4)]
   216 | Abyss:1  | HP: 3/16 [white imp (1)]
   216 | Abyss:1  | HP: 1/16 [white imp (2)]
   217 | Abyss:1  | Slain by a white imp

Vanquished Creatures
  A white imp (Abyss:1)
1 creature vanquished.

Table legend:
 A = Non-vault XP
 B = Vault XP
 C = Vault XP percentage of total XP
 D = Non-vault monster count
 E = Vault monster count
 F = Vault count percentage of total count
                 A         B        C        D         E       F
            +---------+---------+-------+---------+---------+-------
      Total |      10 |       0 |   0.0 |       1 |       0 |   0.0
            +---------+---------+-------+---------+---------+-------
    Abyss:1 |      10 |       0 |   0.0 |       1 |       0 |   0.0
            +---------+---------+-------+---------+---------+-------

Illustrated notes

Table legend:
 A = Kills in this place as a percentage of kills in entire the game.
 B = Kills by you in this place as a percentage of kills by you in the entire game.
 C = Kills by friends in this place as a percentage of kills by friends in the entire game.
 D = Other kills in this place as a percentage of other kills in the entire game.
 E = Experience gained in this place as a percentage of experience gained in the entire game.
 F = Experience gained in this place divided by the number of levels of this place that you have seen.
                   A       B       C       D       E      F
               +-------+-------+-------+-------+-------+----------------------
         Total | 100.0 | 100.0 |   N/A |   N/A | 100.0 |  10.0
         Abyss | 100.0 | 100.0 |   N/A |   N/A | 100.0 |  10.0
               +-------+-------+-------+-------+-------+----------------------

Table legend: (Time is in decaauts)
 A = Elapsed time spent in this place.
 B = Non-inter-level travel time spent in this place.
 C = Inter-level travel time spent in this place.
 D = Time resting spent in this place.
 E = Time spent auto-exploring this place.
 F = Levels seen in this place.
 G = Mean time per level.
                   A        B        C        D        E       F      G
               +--------+--------+--------+--------+--------+-----+--------+
         Total |    217 |    217 |      0 |      4 |    191 |   1 |  217.0 |
         Abyss |    217 |    217 |      0 |      4 |    191 |   1 |  217.0 |
               +--------+--------+--------+--------+--------+-----+--------+

Top non-repeatable levels by time:
 Abyss:1: 217 daAuts
